Map: Submarine LE

Players

soymilk - Winner!

  • Race: Protoss Protoss
  • League: Diamond
  • Spawn Location: 11:00

DrpShipMagic

  • Race: Terran Terran
  • League: Diamond
  • Spawn Location: 5:00

VOD

Have the link to the VOD?

Description

Time

  • Played on: Jan. 18, 2021, 8:56 p.m.
  • Length: 14:59
Show
View Real Time Build Order
Export as new Build Order

soymilk Protoss - Winner!

Build Orders:  

Get SALT Encoding   

  12  0:01  Probe  
  13  0:13  Probe  
  14  0:24  Pylon  
  14  0:31  Pylon  
  14  0:44  Gateway  
  14  0:52  Gateway  
  14  0:56  Probe  
  15  1:09  Assimilator  
  15  1:21  Probe  
  16  1:31  Cybernetics Core  
  16  1:36  Zealot (Chrono Boost)  
  16  1:39  Zealot (Chrono Boost)  
  20  1:49  Probe  
  20  1:53  Zealot (Chrono Boost)  
  23  2:09  Stalker (Chrono Boost)  
  26  2:27  Adept (Chrono Boost)  
  26  2:34  Stalker (Chrono Boost)  
  28  2:43  Probe  
  29  2:55  Probe  
  30  3:08  Probe  
  29  3:20  Probe  
  30  3:32  Probe, Nexus  
  29  3:37  Pylon  
  29  3:40  Warp Gate (Chrono Boost)  
  27  3:44  Probe  
  28  3:50  Twilight Council  
  28  3:56  Probe  
  27  4:09  Gateway  
  27  4:10  Gateway, Probe  
  28  4:22  Probe  
  29  4:32  Charge (Chrono Boost)  
  29  4:38  Robotics Facility  
  29  4:39  Pylon  
  29  4:50  Probe (Chrono Boost)  
  31  4:55  Probe (Chrono Boost)  
  32  5:01  Probe (Chrono Boost)  
  32  5:04  Probe (Chrono Boost)  
  32  5:05  Probe (Chrono Boost)  
  33  5:07  Pylon  
  34  5:14  Probe  
  34  5:16  Probe  
  36  5:23  Warp Prism (Chrono Boost)  
  36  5:26  Gateway, Probe  
  39  5:30  Zealot x2  
  44  5:35  Probe  
  44  5:38  Probe  
  45  5:44  Pylon  
  45  5:50  Gateway  
  45  5:52  Gateway, Observer  
  45  5:53  Pylon  
  45  5:57  Zealot  
  48  6:10  Assimilator  
  48  6:14  Zealot, Assimilator  
  48  6:15  Zealot  
  52  6:26  Observer (Chrono Boost)  
  52  6:30  Nexus  
  53  6:33  Pylon  
  53  6:35  Pylon  
  53  6:37  Probe  
  53  6:38  Gateway  
  53  6:39  Observer (Chrono Boost)  
  54  6:45  Assimilator  
  54  6:46  Probe  
  56  6:49  Probe  
  57  6:58  Probe  
  58  7:01  Probe  
  58  7:03  Zealot x3  
  65  7:10  Probe  
  65  7:13  Probe  
  67  7:22  Probe  
  68  7:23  Zealot x2  
  68  7:24  Zealot x3  
  78  7:33  Observer  
  78  7:42  Probe x2 (Chrono Boost)  
  78  7:44  Probe (Chrono Boost)  
  81  7:49  Observer  
  82  7:52  Probe x2 (Chrono Boost)  
  82  7:53  Probe (Chrono Boost)  
  82  7:57  Probe x2 (Chrono Boost)  
  79  8:01  Zealot  
  79  8:02  Zealot x3  
  79  8:03  Zealot x2  
  91  8:10  Zealot, Observer  
  73  8:27  Stalker  
  73  8:28  Stalker x3  
  73  8:31  Observer (Chrono Boost)  
  82  8:39  Probe x3  
  85  8:51  Probe x2  
  85  8:52  Probe, Forge  
  85  8:55  Forge  
  88  8:57  Pylon  
  88  8:59  Forge  
  88  9:03  Probe  
  88  9:08  Probe x2  
  91  9:11  Assimilator  
  91  9:14  Assimilator  
  91  9:15  Probe  
  92  9:17  Gateway  
  92  9:19  Pylon  
  92  9:20  Zealot x2, Probe  
  92  9:21  Zealot, Pylon  
  95  9:32  Probe  
  95  9:33  Probe x2  
  94  9:43  Stalker  
  94  9:44  Stalker  
  94  9:45  Probe  
  88  9:59  Warp Prism  
  88  10:00  Probe x3  
  91  10:12  Probe x3  
  94  10:17  Protoss Ground Weapons Level 1, Protoss Ground Armor Level 1  
  94  10:18  Protoss Shields Level 1  
  94  10:29  Gateway  
  94  10:31  Gateway  
  94  10:34  Pylon  
  94  10:35  Warp Prism  
  90  10:50  Probe x3  
  77  11:01  Zealot  
  77  11:02  Zealot x3, Probe x2  
  77  11:03  Probe  
  76  11:14  Probe  
  76  11:15  Probe x2  
  79  11:24  Photon Cannon  
  79  11:26  Photon Cannon, Probe  
  79  11:27  Probe x2  
  82  11:39  Probe x3  
  85  11:40  Templar Archives  
  85  11:41  Photon Cannon  
  85  11:46  Pylon  
  85  11:51  Probe  
  82  12:08  Probe x2  
  82  12:09  Probe  
  85  12:20  Probe  
  85  12:21  Probe  
  85  12:36  Nexus  
  85  12:39  Pylon  
  85  12:56  High Templar x5  
  85  12:57  High Templar x4  
  103  13:03  Archon x4  
  103  13:06  High Templar  
  103  13:09  Gateway  
  105  13:15  Archon  
  105  13:29  Zealot  
  105  13:30  Zealot x5  
  105  13:31  Zealot  
  103  13:53  Stalker x4  
  111  14:11  Probe x4, Pylon  
  111  14:12  Pylon  
  115  14:23  Probe x3, Observer  
  115  14:24  Probe  
  120  14:28  Pylon  
  120  14:35  Probe x3  
  120  14:36  Probe  
  124  14:40  Pylon  
  124  14:42  Pylon  
Show
View Real Time Build Order
Export as new Build Order

DrpShipMagic Terran 

Build Orders: Reaper Expand 

Get SALT Encoding   

  12  0:00  SCV  
  13  0:13  SCV  
  14  0:17  Supply Depot  
  14  0:25  SCV  
  15  0:39  SCV  
  15  0:40  Barracks  
  16  0:47  Refinery  
  16  0:51  SCV  
  17  1:03  SCV  
  18  1:15  SCV  
  19  1:37  Orbital Command  
  19  1:39  Reaper  
  20  1:48  Command Center  
  20  2:03  Supply Depot  
  20  2:08  SCV  
  21  2:10  Bunker  
  21  2:13  Barracks Reactor  
  20  2:22  SCV  
  19  2:43  Bunker  
  19  2:47  Refinery  
  19  2:51  Marine  
  19  2:52  Marine  
  19  2:53  SCV  
  21  3:07  SCV  
  21  3:09  Marine x2  
  21  3:19  SCV  
  18  3:27  Marine x2  
  20  3:40  SCV  
  20  3:44  Supply Depot x2  
  20  3:45  Marine  
  20  4:02  SCV  
  19  4:03  Marine  
  19  4:12  Supply Depot  
  19  4:17  Factory  
  19  4:20  Marine  
  20  4:33  Barracks  
  20  4:35  Barracks  
  20  4:38  SCV  
  20  4:40  Command Center  
  21  4:46  Barracks Reactor  
  21  4:50  SCV  
  22  5:02  SCV  
  22  5:03  Starport  
  22  5:04  Factory Reactor  
  23  5:15  SCV  
  23  5:19  Engineering Bay  
  24  5:22  Barracks Tech Lab  
  24  5:23  Barracks Reactor  
  24  5:27  SCV  
  25  5:39  SCV  
  26  5:46  Stimpack  
  26  5:51  SCV  
  26  5:55  Marine  
  26  5:56  Marine x2  
  26  5:57  Orbital Command  
  30  6:01  Marine x2  
  30  6:03  SCV  
  33  6:08  Medivac  
  33  6:10  Medivac  
  37  6:13  Marine x2  
  37  6:15  Orbital Command, SCV  
  37  6:16  Marine  
  41  6:21  Marine x2  
  43  6:27  SCV  
  43  6:31  Marine x2  
  46  6:34  Marine  
  46  6:39  SCV  
  48  6:40  Marine  
  48  6:41  Marine  
  50  6:49  Marine x2  
  52  6:56  SCV x2  
  52  6:57  Marine  
  52  6:58  Marine  
  56  7:05  Marine  
  56  7:07  Marine  
  58  7:10  SCV, Marine  
  58  7:12  Medivac  
  62  7:21  Supply Depot  
  62  7:30  Marine x2  
  62  7:32  Marine  
  62  7:36  Marine  
  55  7:42  SCV  
  43  7:48  Marine x2  
  43  7:49  SCV  
  43  7:50  Marine  
  43  7:56  Marine  
  42  8:03  SCV  
  36  8:26  Marine x3  
  37  8:34  SCV  
  37  8:36  SCV  
  37  8:37  Marine x2  
  37  8:40  Widow Mine  
  42  8:44  Marine  
  42  8:46  SCV  
  44  8:49  SCV, Marine  
  46  8:57  Combat Shield, Marine x2  
  46  8:59  SCV  
  46  9:01  SCV, Widow Mine  
  52  9:11  SCV  
  53  9:17  Marine  
  53  9:20  Marine  
  53  9:23  SCV  
  56  9:24  Widow Mine  
  56  9:25  Marine  
  56  9:35  Marine  
  49  9:55  Marine  
  49  9:58  SCV  
  46  10:01  SCV  
  46  10:03  Marine x3  
  46  10:05  Widow Mine  
  52  10:11  SCV  
  52  10:13  Marine x2  
  55  10:18  SCV  
  55  10:21  Marine  
  56  10:23  Marine x2, Refinery  
  59  10:31  Marine x2  
  61  10:41  Marine x2  
  51  10:54  Marine  
  46  11:11  SCV  
  43  11:16  Command Center  
  43  11:17  Widow Mine, Marine x3  
  48  11:18  Medivac x2  
  48  11:23  SCV  
  48  11:24  Marine x2  
  55  11:27  Terran Infantry Weapons Level 1  
  55  11:34  Armory  
  55  11:38  SCV  
  56  11:44  Marine x2  
  56  12:07  Marine x2  
  56  12:08  Marine x2  
  58  12:09  Widow Mine, Medivac  
  58  12:10  SCV  
  61  12:23  Marine  
  62  12:31  Orbital Command  
  62  12:32  SCV  
  62  12:35  Marine  
  62  12:36  Marine x2  
  66  12:45  Marine  
  67  12:54  Marine  
  68  13:01  Marine  
  68  13:02  Marine x2  
  68  13:03  Marine  
  72  13:12  Marine  
  73  13:19  Marine x3  
  70  13:46  Marine x4  
  70  13:47  Marine  
  59  13:58  SCV  
  59  14:00  Refinery x2  
  59  14:01  Widow Mine  
  60  14:04  Marine x5  
  63  14:20  SCV  
  63  14:22  Marine x3  
  63  14:23  Widow Mine  
  69  14:25  Ghost Academy, Marine  
  69  14:26  Marine  
  71  14:36  Engineering Bay  
  71  14:41  Command Center  
Tags
 
Add a new tag
Caveats
  • Supply blocks, unpowered buildings, or Contaminate may cause inaccurate times.
  • Supply counts are checked every 10 seconds.